 Dungeon Crawl Stone Soup version 0.27-a0-1060-gcb85b5eba1 (webtiles) character file.

Game seed: 11018055564313413015

28 Ijustatesigmund the Skirmisher (level 3, 29/29 HPs)
             Began as a Demonspawn Fighter on Apr 21, 2021.
             Quit the game on level 2 of the Dungeon.
             The game lasted 00:01:42 (1131 turns).

Ijustatesigmund the Skirmisher (Demonspawn Fighter) Turns: 1131, Time: 00:01:43

Health: 29/29      AC:  6    Str: 16    XL:     3   Next: 0%
Magic:  3/3        EV:  7    Int:  9    God:
Gold:   22         SH:  8    Dex: 13    Spells: 2/2 levels left

rFire    . . .     SeeInvis .   a - +0 war axe
rCold    . . .     Faith    .   c - +0 kite shield
rNeg     . . .     Spirit   .   b - +0 scale mail
rPois    .         Reflect  .   (no helmet)
rElec    .         Harm     .   (no cloak)
rCorr    .         Rampage  .   (no gloves)
Will     .....                  (no boots)
Stlth    ..........             (no amulet)
HPRegen  0.09/turn              (no ring)
MPRegen  0.08/turn              (no ring)

@: no status effects
A: claws 1, hooves 1
a: no special abilities


You were on level 2 of the Dungeon.
You visited 1 branch of the dungeon, and saw 2 of its levels.

You collected 22 gold pieces.

Inventory:

Hand Weapons
 a - a +0 war axe (weapon)
Armour
 b - a +0 scale mail (worn)
 c - a +0 kite shield (worn)
Scrolls
 f - a scroll of identify
 g - 2 scrolls of teleportation
Potions
 d - 2 potions of might
 i - a potion of invisibility


   Skills:
 + Level 3.3 Fighting
 * Level 2.5 Axes
 - Level 2.6 Armour
 + Level 1.0 Dodging
 - Level 2.6 Shields


You had 2 spell levels left.
You didn't know any spells.
Your spell library was empty.

Dungeon Overview and Level Annotations

Branches:
Dungeon (2/15)

Altars:


Innate Abilities, Weirdness & Mutations

You have sharp fingernails.
You have large cloven feet.


Message History

The jackal closely misses you.
Your shield and scale mail prevent you from hitting the jackal.
The jackal barely misses you.
The jackal bites you but does no damage.
You hit the jackal.
The jackal is severely wounded.
You block the jackal's attack. The jackal completely misses you.
You barely miss the jackal.
The jackal is severely wounded.
The jackal bites you but does no damage. x2
You block the jackal's attack.
You closely miss the jackal.
The jackal is severely wounded.
The jackal barely misses you. You block the jackal's attack.
You barely miss the jackal.
The jackal is severely wounded.
You block the jackal's attack. The jackal closely misses you.
You closely miss the jackal.
The jackal is severely wounded.
The jackal bites you but does no damage.
You block the jackal's attack.
You hit the jackal.
You kill the jackal!
You block the jackal's attack.
Your Dodging skill increases to level 1!
You hit the jackal.
The jackal is almost dead.
The jackal bites you but does no damage. x2
Your scale mail prevents you from hitting the jackal.
The jackal is almost dead.
The jackal bites you but does no damage. x3
You hit the jackal.
You kill the jackal!
The jackal barely misses you. x2
You have reached level 3!
Your experience leads to an increase in your attributes!
Increase (S)trength, (I)ntelligence, or (D)exterity?
You feel agile.
Your demonic ancestry asserts itself...
Your feet thicken and deform.
Are you sure you want to abandon this character and quit the game? (Confirm with "yes".)

# .#
####.#### #.#
#...hh@.# #.#
#....##.###.#
#### #.....#
#..##.#
#..##.#
#.....#
#.###.#
#.....#
####..#


You could see 2 jackals.

Vanquished Creatures
  5 endoplasms (D:1)
  3 giant cockroaches (D:1)
  6 hobgoblins (D:1)
  2 jackals (D:2)
  2 ball pythons (D:1)
  2 goblins (D:1)
  2 kobolds (D:1)
  A rat (D:1)
23 creatures vanquished.

Notes
Turn   | Place    | Note
-------+----------+-------------------------------------------
     0 | D:1      | Ijustatesigmund the Demonspawn Fighter began the quest for
                  | the Orb.
     0 | D:1      | Reached XP level 1. HP: 18/18 MP: 1/1
   291 | D:1      | Gained mutation: You have sharp fingernails. [demonic
                  | ancestry]
   291 | D:1      | Reached XP level 2. HP: 24/24 MP: 2/2
  1128 | D:2      | Reached skill level 1 in Dodging
  1131 | D:2      | Gained mutation: You have large cloven feet. [demonic
                  | ancestry]
  1131 | D:2      | Reached XP level 3. HP: 29/29 MP: 3/3
  1131 | D:2      | Quit the game

Illustrated notes

Levels and vault maps discovered:
D:1:      eino_arrival_cavern_d, layout_loops_cross, eino_curves_04,
          amethyst_killhole
D:2:      layout_basic, basic_altar, ebering_ecumenical_altar_mist

Skill      XL: |  1  2 |
---------------+-------+-----
Axes           | 2 |  2.5
Dodging        | 1 |  1.0
Fighting       | |  3.3
Armour         | |  2.6
Shields        | |  2.6

Action                   || total
-------------------------++-------
Melee: War axe           ||    67
  Use: Scroll            ||     4
Armor: Scale mail        ||    32
Dodge: Dodged            ||    22
Block: Kite shield       ||    30

Table legend: (Time is in decaauts)
 A = Elapsed time spent in this place.
 B = Non-inter-level travel time spent in this place.
 C = Inter-level travel time spent in this place.
 D = Time resting spent in this place.
 E = Time spent auto-exploring this place.
 F = Levels seen in this place.
 G = Mean time per level.
                   A        B        C        D        E       F      G
               +--------+--------+--------+--------+--------+-----+--------+
         Total |   1172 |   1124 |     48 |    212 |    740 |   2 |  586.0 |
       Dungeon |   1172 |   1124 |     48 |    212 |    740 |   2 |  586.0 |
               +--------+--------+--------+--------+--------+-----+--------+

Top non-repeatable levels by time:
     D:1: 1134 daAuts
     D:2: 38 daAuts
